 Dungeon Crawl Stone Soup version 0.27-a0-1595-g0b823d0a13 (webtiles) character file.

Game seed: 1837519182063403781

37 zazu2006 the Sneak (level 3, -1/28 HPs)
             Began as a Naga Hedge Wizard on July 20, 2021.
             Killed from afar by an orc wizard (8 damage)
             ... with a magic dart
             ... on level 2 of the Dungeon on July 21, 2021.
             The game lasted 00:04:02 (1356 turns).

zazu2006 the Sneak (Naga Hedge Wizard)              Turns: 1356, Time: 00:04:03

Health: -1/28      AC:  2    Str: 12    XL:     3   Next: 41%
Magic:  2/8        EV: 10    Int: 15    God:
Gold:   7          SH:  0    Dex: 10    Spells: 0/9 levels left

rFire    . . .     SeeInvis +   a - +0 dagger
rCold    . . .     Faith    .   (no shield)
rNeg     . . .     Spirit   .   b - +0 robe
rPois    +         Reflect  .   c - +0 hat
rElec    .         Harm     .   (no cloak)
rCorr    .         Rampage  .   (no gloves)
Will     .....                  (no barding)
Stlth    ++........             (no amulet)
HPRegen  0.09/turn              (no ring)
MPRegen  0.11/turn              (no ring)

@: very slow
A: AC +1, large, see invisible, deformed body, poison resistance, slowness 2,
spit poison 1, naga tail 1
a: Spit Poison


You were on level 2 of the Dungeon.
You visited 1 branch of the dungeon, and saw 2 of its levels.

You collected 7 gold pieces.

Inventory:

Hand Weapons
 a - a +0 dagger (weapon)
Armour
 b - a +0 robe (worn)
 c - a +0 hat (worn)
Jewellery
 g - an amulet of faith
Scrolls
 d - a scroll of fear {unknown}
 e - a scroll of brand weapon {unknown}
 f - a scroll of teleportation {unknown}
 i - a scroll of amnesia {unknown}
 k - a scroll of identify {unknown}
Potions
 h - a potion of curing {unknown}
 j - a potion of cancellation {unknown}


   Skills:
 + Level 1.9 Dodging
 + Level 3.7 Stealth
 + Level 3.5 Spellcasting
 + Level 1.4 Conjurations
 + Level 1.0 Summonings
 + Level 1.0 Translocations


You couldn't memorise any spells.
You knew the following spells:

 Your Spells              Type           Power      Damage    Failure   Level
a - Magic Dart            Conj           28%        1d4       11%         1
b - Mephitic Cloud        Conj/Pois/Air  4%         N/A       43%         3
c - Conjure Flame         Conj/Fire      4%         6-21      38%         3
d - Blink                 Tloc           N/A        N/A       19%         2

Your spell library contained the following spells:

 Spells                   Type           Power      Damage    Failure   Level
 Call Imp                 Summ           5%         N/A       19%         2
 Slow                     Hex            2%         N/A       28%         2
 Freezing Cloud           Conj/Ice/Air   2%         6-21      99%         5
 Simulacrum               Ice/Necr       1%         N/A       100%        6
 Polar Vortex             Ice            1%         N/A       100%        9


Dungeon Overview and Level Annotations

Branches:
Dungeon (2/15)

Altars:


Innate Abilities, Weirdness & Mutations

Your serpentine skin is tough. (AC +1)
You have supernaturally acute eyesight. (SInv)
Armour fits poorly on your strangely shaped body.
Your system is resistant to poisons. (rPois)
You cover ground very slowly.
You can spit poison.
You have a snake-like lower body.


Message History

Confirm with . or Enter, or press ? or * to list all spells.
The spell is extremely dangerous to cast (43% risk of failure)!
Continue anyway? [Y]es or [N]o only, please.
The spell is extremely dangerous to cast (43% risk of failure)!
Continue anyway?
Aiming: Mephitic Cloud (extremely dangerous; 43% risk of failure)
Press: ? - help, Shift-Dir - straight line, f - orc wizard
Aim: an orc wizard, wielding a +0 dagger and wearing a +0 robe (moderately wounded, slightly transparent, chance to affect: 86%)
The ball explodes into a vile cloud!
The stinking cloud engulfs the orc wizard but does no damage.
The orc wizard is moderately wounded.
The orc wizard is engulfed in noxious fumes.
The orc wizard appears confused.
Unknown command.
The orc wizard is engulfed in noxious fumes.
The orc wizard appears confused.
Press: ? - help, Shift-Dir - straight line, f/p - orc wizard
Aim: an orc wizard, wielding a +0 dagger and wearing a +0 robe (noxious fumes, heavily wounded, slightly transparent, confused)
The splash of poison hits the orc wizard.
The orc wizard is severely wounded.
The orc wizard is engulfed in noxious fumes.
The orc wizard appears confused.
You aren't carrying any items that you can evoke.
Casting: Mephitic Cloud (extremely dangerous; 43% risk of failure)
Confirm with . or Enter, or press ? or * to list all spells.
Aiming: Magic Dart (safe; 11% risk of failure)
Press: ? - help, Shift-Dir - straight line, f/p - orc wizard
Aim: an orc wizard, wielding a +0 dagger and wearing a +0 robe (noxious fumes, severely wounded, confused, 100% to hit)
The magic dart hits the orc wizard but does no damage.
The orc wizard is severely wounded.
The orc wizard is engulfed in noxious fumes.
The orc wizard appears confused.
The orc wizard hits the orc but does no damage.
The orc wizard hits the orc but does no damage.
You have got your breath back.
The orc wizard hits something with a +0 dagger.
The orc wizard seems less confused.
There is a stone staircase leading down here.
The orc wizard casts a spell at you. The magic dart hits you!
You die...

#..#.# #...# #..#.#
#...# #.o#.# #...#
#..#.# +...+ #.o#.#
#...# ###..#.# #...#
+......# #...########
####.#####...#.......
#@...)....'.......
##....#####.......
#....# #.......
#....# #.......
#....# ########
#....# ###### ######
...... ...... ......


You could see an orc wizard and an orc.

Vanquished Creatures
  An orc (D:2)
  6 bats
  4 endoplasms (D:1)
  A giant cockroach (D:1)
  2 hobgoblins (D:1)
  4 jackals (D:1)
  3 kobolds
  4 quokkas
  2 ball pythons
  2 rats (D:1)
29 creatures vanquished.

Notes
Turn   | Place    | Note
-------+----------+-------------------------------------------
     0 | D:1      | zazu2006 the Naga Hedge Wizard began the quest for the Orb.
     0 | D:1      | Reached XP level 1. HP: 15/15 MP: 4/4
   138 | D:1      | Reached XP level 2. HP: 22/22 MP: 0/6
   207 | D:1      | Found a faded altar of an unknown god.
   631 | D:1      | Reached XP level 3. HP: 28/28 MP: 2/7
  1210 | D:2      | Learned a level 3 spell: Mephitic Cloud
  1214 | D:2      | Learned a level 3 spell: Conjure Flame
  1217 | D:2      | Learned a level 2 spell: Blink
  1230 | D:2      | Noticed a scorpion
  1356 | D:2      | Killed from afar by an orc wizard

Illustrated notes

Levels and vault maps discovered:
D:1:      psy_arrival_whirlpool, layout_rooms, ebering_ecumenical_altar_rust
D:2:      layout_basic, serial_shops, shop

Action                   || total
-------------------------++-------
Melee: Dagger            ||    19
 Cast: Magic Dart        ||    54
       Mephitic Cloud    ||     4
 Abil: Spit Poison       ||    11
Armor: Robe              ||     6
Dodge: Dodged            ||    10

Table legend: (Time is in decaauts)
 A = Elapsed time spent in this place.
 B = Non-inter-level travel time spent in this place.
 C = Inter-level travel time spent in this place.
 D = Time resting spent in this place.
 E = Time spent auto-exploring this place.
 F = Levels seen in this place.
 G = Mean time per level.
                   A        B        C        D        E       F      G
               +--------+--------+--------+--------+--------+-----+--------+
         Total |   1588 |   1539 |     49 |    112 |   1191 |   2 |  794.0 |
       Dungeon |   1588 |   1539 |     49 |    112 |   1191 |   2 |  794.0 |
               +--------+--------+--------+--------+--------+-----+--------+

Top non-repeatable levels by time:
     D:1: 1247 daAuts
     D:2: 340 daAuts
